 Dungeon Crawl Stone Soup version 0.27-a0-1181-g5f64966fcc (webtiles) character file.

Game seed: 5528361323221457717

30485 porpoise the Covert (level 13, -8/81 HPs)
             Began as an Octopode Conjurer on May 18, 2021.
             Was a High Priest of Vehumet.
             Mangled by a hell rat (9 damage)
             ... while petrified by a basilisk
             ... on level 5 of the Lair of Beasts.
             The game lasted 01:40:40 (24034 turns).

porpoise the Covert (Octopode Conjurer)            Turns: 24034, Time: 01:40:40

Health: -8/81      AC:  1    Str:  8    XL:     13   Next: 52%
Magic:  20/23      EV:  2    Int: 30    God:    Vehumet [*****.]
Gold:   1110       SH:  0    Dex: 16    Spells: 4/26 levels left

rFire    + . .     SeeInvis .   b - +0 hunting sling
rCold    + + .     Faith    .   (no shield)
rNeg     + + +     Spirit   .   (helmet restricted)
rPois    ∞         Reflect  .   P - amulet of magic regeneration
rElec    .         Harm     .   i - +4 ring of evasion
rCorr    .         Rampage  .   y - ring of wizardry
Will     .....                  A - +6 ring of intelligence
Stlth    ++++++....             c - ring "Raenon" {*Slow rPois rF+ Dex+6}
HPRegen  0.23/turn              O - ring of positive energy
MPRegen  0.43/turn              H - ring of protection from cold
                                m - ring of flight
                                Z - ring of protection from cold

@: petrified, flying
A: almost no armour, amphibious, 8 rings, camouflage 1, gelatinous body 1,
(nimble swimmer 1), tentacles
a: Renounce Religion


You were on level 5 of the Lair of Beasts.
You worshipped Vehumet.
Vehumet was extremely pleased with you.
You visited 3 branches of the dungeon, and saw 18 of its levels.
You also visited: Ossuary.

You collected 1110 gold pieces.

Inventory:

Hand Weapons
 a - the +2 quarterstaff "Xischoaz" {vorpal, Dex+2}
   (You found it on level 6 of the Dungeon)

   It inflicts extra damage upon your enemies.
   It affects your dexterity (+2).
 b - a +0 hunting sling (weapon)
 z - the +9 staff of Wucad Mu {*channel}
   (You acquired it on level 3 of the Lair of Beasts)
Missiles
 g - 8 boomerangs
 n - 51 sling bullets (quivered ammo)
 o - 11 curare-tipped darts
Jewellery
 c - the ring "Raenon" (on tentacle) {*Slow rPois rF+ Dex+6}
   (You acquired it on level 6 of the Dungeon)

   [ring of dexterity]

   It affects your dexterity (+6).
   It protects you from fire.
   It protects you from poison.
   It may slow you when you take damage.
 i - a +4 ring of evasion (left tentacle)
 m - a ring of flight (on tentacle)
 y - a ring of wizardry (right tentacle)
 A - a +6 ring of intelligence (on tentacle)
 H - a ring of protection from cold (on tentacle)
 O - a ring of positive energy (on tentacle)
 P - an amulet of magic regeneration (around mantle)
 Z - a ring of protection from cold (on tentacle)
Wands
 k - a wand of mindburst (8)
 v - a wand of iceblast (9)
 C - a wand of digging (11)
 D - a wand of acid (9)
 E - a wand of flame (78)
 W - a wand of paralysis (11)
Scrolls
 d - a scroll of immolation
 e - 3 scrolls of teleportation
 f - a scroll of amnesia
 h - a scroll of silence
 j - 2 scrolls of enchant weapon
 q - 2 scrolls of vulnerability
 s - a scroll of summoning
 u - 3 scrolls of fog
 F - 3 scrolls of fear
 G - a scroll of blinking
 S - a scroll of magic mapping
Potions
 l - 7 potions of lignification
 p - 9 potions of curing
 r - a potion of cancellation
 t - 4 potions of heal wounds
 w - 2 potions of ambrosia
 B - 2 potions of resistance
 N - a potion of haste
 X - a potion of might
Miscellaneous
 T - a tin of tremorstones (2/2)
 Y - a phantom mirror


   Skills:
 - Level 5.0 Fighting
 - Level 9.0 Dodging
 - Level 12.0 Stealth
 + Level 7.0 Spellcasting
 - Level 9.3 Conjurations
 + Level 7.6 Hexes
 - Level 7.0 Translocations
 - Level 3.0 Transmutations
 - Level 5.0 Fire Magic
 - Level 5.0 Air Magic
 - Level 5.0 Poison Magic
 - Level 7.0 Evocations


You had 4 spell levels left.
You knew the following spells:

 Your Spells              Type           Power      Damage    Failure   Level
a - Magic Dart            Conj           100%       1d8       1%          1
b - Searing Ray           Conj           100%       3d7       1%          2
c - Iskenderun's Mystic   Conj/Tloc      56%        2d12      1%          4
d - Fulminant Prism       Conj/Hex       28%        3d14      1%          4
i - Ignite Poison         Fire/Tmut/Pois 36%        N/A       1%          3
k - Blink                 Tloc           N/A        N/A       1%          2
m - Mephitic Cloud        Conj/Pois/Air  49%        N/A       1%          3
t - Tukima's Dance        Hex            54%        N/A       1%          3

Your spell library contained the following spells:

 Spells                   Type           Power      Damage    Failure   Level
 Hailstorm                Conj/Ice       38%        3d9       1%          4
 Corona                   Hex            60%        N/A       1%          1
 Sting                    Tmut/Pois      100%       1d8       1%          1
 Ensorcelled Hibernation  Hex/Ice        66%        N/A       1%          2
 Poisonous Vapours        Pois/Air       80%        N/A       1%          2
 Slow                     Hex            54%        N/A       1%          2
 Confusing Touch          Hex            54%        N/A       1%          3
 Conjure Flame            Conj/Fire      52%        6-21      1%          3
 Dazzling Flash           Conj/Hex       100%       N/A       1%          3
 Gell's Gravitas          Tloc           25%        N/A       1%          3
 Call Imp                 Summ           10%        N/A       2%          2
 Petrify                  Tmut/Erth      19%        N/A       11%         4
 Irradiate                Conj/Tmut      23%        3d21      1%          5
 Yara's Violent Unravell  Hex/Tmut       21%        3d10      1%          5
 Alistair's Intoxication  Tmut/Pois      22%        N/A       11%         5
 Metabolic Englaciation   Hex/Ice        16%        N/A       12%         5
 Freezing Cloud           Conj/Ice/Air   19%        6-21      12%         6
 Eringya's Noxious Bog    Tmut/Pois      17%        N/A       14%         6


Dungeon Overview and Level Annotations

Branches:
Dungeon (12/15)            Temple (1/1) D:6            Lair (5/6) D:10
 Shoals (0/4) Lair:4       Spider (0/4) Lair:4          Orc (0/2) D:10
Ossuary (visited)
  Slime: Lair:5-6

Altars:
Ashenzari
Cheibriados
Dithmenos
Elyvilon
Fedhas
Gozag
Hepliaklqana
Kikubaaqudgha
Makhleb
Nemelex Xobeh
Okawaru
Qazlal
Ru
Sif Muna
Trog
Uskayaw
Vehumet
Wu Jian
Xom
Yredelemnul
Zin
The Shining One
Jiyva

Shops:
D:3 [

Annotations:
D:11 3 runed translucent doors, kd29's ghost, journeyman GrEE


Innate Abilities, Weirdness & Mutations

You cannot wear most types of armour.
You are amphibious.
You can wear up to eight rings at the same time.
Your skin changes colour to match your surroundings (Stealth+).
Your rubbery body absorbs attacks. (AC +1, EV +1)
((You are camouflaged near water. (Stealth+)))
You have tentacles for arms and can constrict up to eight enemies at once.


Message History

Casting: Searing Ray (safe; 1% risk of failure)
Confirm with . or Enter, or press ? or * to list all spells.
Aiming: Searing Ray (safe; 1% risk of failure)
Press: ? - help, Shift-Dir - straight line, f - hell rat
Aim: a hell rat (severely wounded, 83% to hit)
The searing ray hits the hell rat!
You kill the hell rat!
Vehumet accepts your kill.
You feel your power returning.
The searing ray hits the hell rat!
The hell rat is heavily wounded. (Press . to maintain the ray.)
The hell rat barely misses you.
Your limbs are stiffening.
The searing ray hits the hell rat!
The hell rat is almost dead.
The basilisk gazes at you.
Your limbs have turned to stone.
The hell rat barely misses you. The basilisk gazes at you.
You easily resist.
You have turned to stone.
The hell rat bites you! The hell rat barely misses you. The hell rat bites you!
The hell rat bites you!!
The basilisk hisses menacingly.
The basilisk gazes at you.
You easily resist.
The hell rat bites you! The basilisk bites you!!
The hell rat seems less confused.
The hell rat bites you! The basilisk bites you! The hell rat bites you!
* * * LOW HITPOINT WARNING * * *
The hell rat bites you!
* * * LOW HITPOINT WARNING * * *
The basilisk bites you.
* * * LOW HITPOINT WARNING * * *
The hell rat bites you!!
* * * LOW HITPOINT WARNING * * *
The basilisk bites you!
* * * LOW HITPOINT WARNING * * *
The hell rat roars deafeningly!
The hell rat bites you!!
You die...

#..#.## ..#..#......#..
.P.###..$.# #...#........
...#.#(...### #..##........
P.........#.# ##.####..#...
.P....#....########..##.#.[#.#.
......#.....#..#P.....##..###..
.........)...........###..###.†
?.........##.lP...#†#.###.##...
#...........rr@...##.#.#.......
###.....#...###P.########.P..##
...........## ##..# #......P
.......##### ..## ##......
......# ##.# #.#...... ......
#[. ##....... P..... #......<.
...... #........ ##.......


You could see a basilisk and 2 hell rats.

Vanquished Creatures
  Erolcha (D:9)
  A hydra (Lair:5)
  A two-headed ogre (D:12)
  A deep elf pyromancer (D:12)
  A manticore (D:12)
  An ugly thing (D:12)
  2 slime creatures (D:12)
  2 merfolk sirens (Lair:4)
  6 black mambas
  9 cane toads
  An unseen horror (D:12)
  2 rime drakes
  6 komodo dragons
  2 trolls
  2 jumping spiders (Lair:4)
  2 merfolk (Lair:4)
  2 hornets
  7 blink frogs
  2 redbacks (Lair:4)
  A shadow (D:11)
  A wyvern (Lair:1)
  5 wraiths
  31 yaks
  2 basilisks
  Grum (D:8)
  5 steam dragons
  2 acid dragons
  10 water moccasins
  Duvessa (D:5)
  8 orc warriors
  An ice beast (D:7)
  A sky beast (D:8)
  A black bear (D:7)
  A hornet zombie (D:6)
  2 necrophages
  2 centaurs
  24 wolves
  2 ogres (D:7)
  A kobold brigand (D:11)
  3 gnoll sergeants
  14 bullfrogs
  2 scorpions
  Dowan (D:5)
  15 killer bees
  3 howler monkeys
  A bullfrog zombie (D:5)
  6 centaur zombies
  3 jellies
  2 hounds
  A centaur skeleton (D:6)
  8 orc priests
  3 bullfrog skeletons
  2 gnoll shamans (D:9)
  Ijyb (D:4)
  6 iguanas
  10 orc wizards
  7 hell rats
  A hound zombie (D:5)
  5 mummies
  A howler monkey zombie (D:6)
  26 gnolls
  4 adders
  A shadow imp (D:7)
  2 white imps
  An ufetubus (D:6)
  An adder skeleton (D:4)
  A worm (D:5)
  3 dart slugs
  41 orcs
  6 endoplasms
  2 giant cockroaches
  A gnoll zombie (Ossuary)
  12 goblins
  11 hobgoblins
  4 jackals
  4 quokkas
  10 ball pythons
  3 bats
  2 frilled lizards
  2 goblin zombies (Ossuary)
  3 hobgoblin zombies
  13 kobolds
  A kobold zombie (Ossuary)
  2 orc zombies
  A rat (D:1)
405 creatures vanquished.

Vanquished Creatures (others)
  6 fulminant prisms
  24 fungi
  23 plants
53 creatures vanquished.

Grand Total: 458 creatures vanquished

Notes
Turn   | Place    | Note
-------+----------+-------------------------------------------
     0 | D:1      | porpoise the Octopode Conjurer began the quest for the Orb.
     0 | D:1      | Reached XP level 1. HP: 11/11 MP: 3/3
   352 | D:1      | Reached XP level 2. HP: 17/17 MP: 1/5
   367 | D:1      | Learned a level 2 spell: Searing Ray
   779 | D:1      | Found a faded altar of an unknown god.
  1023 | D:2      | Reached XP level 3. HP: 21/21 MP: 3/6
  2436 | D:3      | Reached XP level 4. HP: 27/27 MP: 3/8
  2552 | D:3      | Found a blossoming altar of Fedhas.
  2676 | D:3      | Found Uzucano's Antique Armour Emporium.
  3439 | D:4      | Reached skill level 3 in Stealth
  3439 | D:4      | Reached skill level 5 in Conjurations
  3555 | D:4      | Reached XP level 5. HP: 31/31 MP: 6/10
  4043 | D:4      | Reached XP level 6. HP: 36/36 MP: 6/12
  4378 | D:4      | Noticed Ijyb
  4385 | D:4      | Killed Ijyb
  4685 | D:4      | Reached skill level 4 in Stealth
  5077 | D:5      | Entered Level 5 of the Dungeon
  5104 | D:5      | Learned a level 4 spell: Iskenderun's Mystic Blast
  5109 | D:5      | Learned a level 4 spell: Fulminant Prism
  5111 | D:5      | Noticed Dowan
  5112 | D:5      | Noticed Duvessa
  5122 | D:5      | Killed Dowan
  5155 | D:5      | Reached XP level 7. HP: 20/41 MP: 4/14
  5617 | D:5      | Found a snail-covered altar of Cheibriados.
  5617 | D:5      | Found an ancient bone altar of Kikubaaqudgha.
  5886 | D:5      | Reached skill level 5 in Spellcasting
  6052 | D:5      | Killed Duvessa
  6053 | D:5      | Reached skill level 1 in Fighting
  6053 | D:5      | Reached skill level 5 in Stealth
  6248 | D:5      | Found a hide-covered altar of Uskayaw.
  6248 | D:5      | Found a shimmering altar of Xom.
  6249 | D:5      | Found a shadowy altar of Dithmenos.
  6704 | D:6      | Identified a scroll of acquirement
  6704 | D:6      | Acquired the ring "Raenon" {*Slow rPois rF+ Dex+6}
  6724 | D:6      | Reached XP level 8. HP: 50/50 MP: 9/15
  6791 | D:6      | Found a sand-covered staircase.
  6836 | Ossuary  | Entered an ossuary
  7134 | Ossuary  | Reached skill level 1 in Translocations
  7459 | D:6      | Found a staircase to the Ecumenical Temple.
  7473 | Temple   | Entered the Ecumenical Temple
  7638 | Temple   | Became a worshipper of Vehumet
  7693 | D:6      | Reached skill level 6 in Stealth
  8868 | D:6      | Identified the +2 quarterstaff "Xischoaz" {vorpal, Dex+2}
  9027 | D:7      | Noticed a hornet
  9035 | D:7      | Killed a hornet
  9052 | D:7      | Reached skill level 7 in Stealth
  9052 | D:7      | Reached XP level 9. HP: 39/60 MP: 0/16
  9185 | D:7      | Reached skill level 5 in Fighting
  9350 | D:7      | Reached * piety under Vehumet
  9350 | D:7      | Offered knowledge of Freeze by Vehumet.
  9351 | D:7      | Reached skill level 5 in Translocations
  9356 | D:7      | Reached skill level 1 in Hexes
  9595 | D:7      | Found a basalt altar of Yredelemnul.
  9928 | D:7      | Reached skill level 8 in Stealth
  9998 | D:7      | You fall into a shaft and drop 3 floors!
  9998 | D:10     | Entered Level 10 of the Dungeon
 10720 | D:8      | Reached skill level 5 in Dodging
 10878 | D:8      | Reached XP level 10. HP: 65/66 MP: 13/17
 10945 | D:8      | Reached ** piety under Vehumet
 10949 | D:8      | Reached skill level 9 in Stealth
 11191 | D:8      | Offered knowledge of Shock by Vehumet.
 11307 | D:8      | Noticed Grum
 11315 | D:8      | Killed Grum
 11316 | D:8      | Reached skill level 5 in Hexes
 11528 | D:8      | Found an iron altar of Okawaru.
 11532 | D:8      | Found an ornate altar of the Wu Jian Council.
 11537 | D:8      | Found a bloodstained altar of Trog.
 11706 | D:9      | Reached skill level 1 in Evocations
 12006 | D:9      | Noticed Erolcha
 12018 | D:9      | Killed Erolcha
 12018 | D:9      | Offered knowledge of Frozen Ramparts by Vehumet.
 12358 | D:9      | Reached skill level 10 in Stealth
 12447 | D:9      | Learned a level 2 spell: Blink
 12451 | D:9      | Learned a level 3 spell: Mephitic Cloud
 13086 | D:10     | Reached *** piety under Vehumet
 13101 | D:10     | HP: 3/66 [centaur/arrow (16)]
 13626 | D:10     | Found a staircase to the Orcish Mines.
 13632 | D:10     | Found a staircase to the Lair.
 13695 | D:10     | Reached skill level 5 in Evocations
 13812 | D:10     | Reached skill level 1 in Poison Magic
 13812 | D:10     | Reached XP level 11. HP: 61/71 MP: 16/18
 13904 | D:10     | Offered knowledge of Inner Flame by Vehumet.
 13913 | D:10     | Reached skill level 1 in Air Magic
 14065 | D:10     | Found a stormy altar of Qazlal.
 14953 | D:11     | Noticed kd29's ghost (journeyman GrEE)
 14956 | D:11     | Found a runed translucent gate.
 14956 | D:11     | Found a runed translucent gate.
 14956 | D:11     | Noticed a two-headed ogre
 14956 | D:11     | Noticed a manticore
 14974 | D:11     | Reached skill level 11 in Stealth
 15124 | D:11     | Found a runed translucent gate.
 15133 | D:11     | Reached **** piety under Vehumet
 15245 | D:11     | Offered knowledge of Ignite Poison by Vehumet.
 15250 | D:11     | Learned a level 3 spell: Ignite Poison
 15540 | D:11     | Found a glowing golden altar of the Shining One.
 15716 | D:12     | Reached skill level 5 in Poison Magic
 15782 | D:12     | Noticed a manticore
 15789 | D:12     | Killed a manticore
 16525 | D:12     | Noticed a cyan ugly thing
 16533 | D:12     | Killed a cyan ugly thing
 16534 | D:12     | Reached skill level 1 in Transmutations
 16534 | D:12     | Reached skill level 1 in Fire Magic
 16913 | D:12     | Noticed a deep elf pyromancer
 16920 | D:12     | Killed a deep elf pyromancer
 17548 | D:12     | Noticed a two-headed ogre
 17558 | D:12     | Killed a two-headed ogre
 17824 | Lair:1   | Entered Level 1 of the Lair of Beasts
 17829 | Lair:1   | Reached XP level 12. HP: 77/77 MP: 11/22
 17901 | Lair:1   | Reached skill level 12 in Stealth
 20017 | Lair:2   | Reached ***** piety under Vehumet
 20017 | Lair:2   | Offered knowledge of Lightning Bolt by Vehumet.
 21087 | Lair:3   | Acquired the +9 staff of Wucad Mu {*channel}
 21088 | Lair:3   | Found the +9 staff of Wucad Mu {*channel}
 21141 | Lair:3   | Reached XP level 13. HP: 54/81 MP: 15/23
 21836 | Lair:3   | Reached skill level 5 in Air Magic
 22197 | Lair:3   | Learned a level 3 spell: Tukima's Dance
 22361 | Lair:4   | Identified the +0 scale mail "Leapp" {rF+++ Will- Str+5}
 22658 | Lair:4   | Found a hole to the Spider Nest.
 22730 | Lair:4   | Acquired Urhi's Collected Works on Transmutation
 22754 | Lair:4   | HP: 1/81 [merfolk siren/+0 trident (22)]
 22759 | Lair:4   | Offered knowledge of Hailstorm by Vehumet.
 23136 | Lair:4   | Found a staircase to the Shoals.
 24006 | Lair:5   | Reached skill level 5 in Fire Magic
 24033 | Lair:5   | HP: 1/81 [basilisk (7)]
 24034 | Lair:5   | Mangled by a hell rat

Illustrated notes

Levels and vault maps discovered:
D:1:      lightli_arrival_statue_moat, layout_loops_ring,
          shapermc_ecumenical_altar_notcrosses, minmay_tiny_reverse_x
D:2:      layout_basic, palyth_stone_intersect
D:3:      corexii_shack_village, layout_rooms, fedhas_altar_3, serial_shops,
          nicolae_shop_overgrown_old_shop, serial_curves, eino_curves_03,
          eino_curves_03, minmay_misc_feat_enclosed
D:4:      layout_cave_pods, uniq_ijyb
D:5:      layout_basic, grunt_temple_overflow_open,
          gammafunk_temple_overflow_claw, solitary_fountain, bh_walls_and_bars,
          uniq_duvessa
D:6:      layout_loops_ring, minmay_temple_entry_grid,
          nicolae_ossuary_entry_giza, hangedman_abyss_or_decor_passed,
          minivault_23, minmay_fractal_squares_gapless_5
D:7:      layout_gridville, amcnicky_altar_gilded
D:8:      layout_cave_pools, grunt_temple_overflow_diamond, uniq_grum
D:9:      layout_basic, uniq_erolcha
D:10:     layout_loops_ring, nicolae_overflow_crystal_walls, lair_entry_dummy,
          erik_orc_4, enter_bailey_4
D:11:     layout_rooms, gammafunk_ghost_split, tso_oasis_becter
D:12:     layout_roguey
Temple:   pf_slime_end_temple
Lair:1:   layout_roguey
Lair:2:   layout_long_grid
Lair:3:   layout_chaotic_city
Lair:4:   layout_regular_city, elwin_shoals_entry_stream, spider_nest_entry_a
Lair:5:   layout_loops_ring

Skill      XL: |  1  2  3  4  5  6  7  8  9 10 11 12 13 |
---------------+----------------------------------------+-----
Spellcasting   | 3 4 5 7 |  7.0
Stealth        | 3 4 5 7 8 10 11 12 | 12.0
Conjurations   | 5 6 7 9 |  9.3
Fighting       | 2 4 5 |  5.0
Translocations | 4 5 7 |  7.0
Dodging        | 5 8 9 |  9.0
Hexes          | 4 5 7 |  7.6
Evocations     | 5 7 |  7.0
Poison Magic   | 1 5 |  5.0
Air Magic      | 3 5 |  5.0
Transmutations | 3 |  3.0
Fire Magic     | 3 5 |  5.0

Action                   |  1- 3 |  4- 6 |  7- 9 | 10-12 | 13-15 || total
-------------------------+-------+-------+-------+-------+-------++-------
Melee: Unarmed           |     1 |       |       |       |       ||     1
       Quarterstaff      |       |       |       |    15 |     4 ||    19
       Constrict         |       |       |       |     4 |       ||     4
       Tentacles         |       |       |       |     2 |     1 ||     3
 Fire: Hunting sling     |       |     6 |    68 |   142 |    23 ||   239
Throw: Stone             |       |     3 |       |       |       ||     3
       Dart              |       |       |     6 |     4 |       ||    10
       Throwing net      |       |       |     1 |       |       ||     1
 Cast: Magic Dart        |    51 |    10 |       |     1 |       ||    62
       Searing Ray       |    12 |    38 |    80 |   135 |    39 ||   304
       Iskenderun's Myst |       |       |     5 |    48 |     7 ||    60
       Fulminant Prism   |       |       |     2 |     4 |       ||     6
       Mephitic Cloud    |       |       |       |    12 |    13 ||    25
       Ignite Poison     |       |       |       |     8 |    10 ||    18
Evoke: Wand              |       |       |       |     7 |     2 ||     9
  Use: Scroll            |       |       |    21 |     7 |     2 ||    30
       Potion            |       |       |     1 |     1 |     1 ||     3
Armor: Skin              |     1 |       |     1 |     4 |       ||     6
Dodge: Dodged            |     1 |     8 |    59 |   175 |    42 ||   285

Table legend: (Time is in decaauts)
 A = Elapsed time spent in this place.
 B = Non-inter-level travel time spent in this place.
 C = Inter-level travel time spent in this place.
 D = Time resting spent in this place.
 E = Time spent auto-exploring this place.
 F = Levels seen in this place.
 G = Mean time per level.
                   A        B        C        D        E       F      G
               +--------+--------+--------+--------+--------+-----+--------+
         Total |  24104 |  23380 |    724 |   9868 |  10514 |  19 | 1268.6 |
       Dungeon |  17284 |  16750 |    534 |   7336 |   7436 |  12 | 1440.3 |
        Temple |    182 |    147 |     35 |      0 |    145 |   1 |  182.0 |
          Lair |   6181 |   6026 |    155 |   2302 |   2933 |   5 | 1236.2 |
       Ossuary |    455 |    455 |      0 |    229 |      0 |   1 |  455.0 |
               +--------+--------+--------+--------+--------+-----+--------+

Top non-repeatable levels by time:
    D:12: 2165 daAuts
     D:4: 2097 daAuts
  Lair:1: 1889 daAuts
     D:9: 1854 daAuts
     D:6: 1718 daAuts
    D:10: 1644 daAuts
     D:7: 1441 daAuts
  Lair:4: 1406 daAuts
     D:2: 1358 daAuts
  Lair:2: 1335 daAuts
     D:5: 1252 daAuts
  Lair:3: 1246 daAuts
     D:3: 1007 daAuts
     D:1: 990 daAuts
     D:8: 957 daAuts
